 Dungeon Crawl Stone Soup version 0.30.1-3-gfc49f6343a (webtiles) character file.

Game seed: 16736914297193522637

51 Revguard the Ducker (level 3, 0/40 HPs)
             Began as a Demonspawn Gladiator on July 30, 2023.
             Slain by a gnoll
             ... wielding a +0 halberd
              (2 damage)
             ... on level 3 of the Dungeon.
             The game lasted 00:06:01 (1352 turns).

Revguard the Ducker (Demonspawn Gladiator)          Turns: 1352, Time: 00:06:01

Health: 0/40       AC: 21    Str: 14 (16) XL:     3   Next: 58%
Magic:  4/4        EV:  2    Int:  8 (9)  God:
Gold:   151        SH:  0    Dex: 11 (14) Spells: 2/2 levels left

rFire   + . .        a - +0 war axe
rCold   + . .        (no shield)
rNeg    . . .        b - melded +0 leather armour
rPois   +            c - melded +0 helmet
rElec   +            (cloak currently unavailable)
rCorr   +            (gloves currently unavailable)
SInv    +            (boots currently unavailable)
Will    .....        (no amulet)
Stlth   +            l - ring of see invisible
HPRegen 0.26/turn    (no ring)
MPRegen 0.09/turn

%: no passive effects
@: tree-form, resistant, hasted, very quick
A: stationary, stasis, torment immunity, boosted hp, demonic guardian 1, powered
by death 1
a: no special abilities


You were on level 3 of the Dungeon.
You were a tree.
You visited 1 branch of the dungeon, and saw 3 of its levels.

You collected 151 gold pieces.

Inventory:

Hand Weapons
 a - a +0 war axe (weapon)
Missiles
 d - 3 throwing nets (quivered)
 e - a javelin
Armour
 b - a +0 leather armour (melded)
 c - a +0 helmet (melded)
Jewellery
 l - a ring of see invisible (left branch)
Scrolls
 h - 2 scrolls of vulnerability {unknown}
 j - a scroll of fog {unknown}
 m - 2 scrolls of amnesia {unknown}
 o - 2 scrolls of identify {unknown}
 p - a scroll of teleportation {unknown}
 q - 2 scrolls of magic mapping {unknown}
 s - a scroll of poison {unknown}
Potions
 f - a potion of lignification


   Skills:
 + Level 2.3 Fighting
 + Level 3.0 Axes
 - Level 1.7 Throwing
 + Level 1.1 Armour
 + Level 3.1 Dodging
 + Level 1.3 Invocations
 + Level 0.9 Evocations


You had 2 spell levels left.
You didn't know any spells.
Your spell library was empty.

Dungeon Overview and Level Annotations

Branches:
Dungeon (3/15)

Altars:


Innate Abilities, Weirdness & Mutations

You are a tree.
Your roots penetrate the ground, keeping you stationary.
You cannot be teleported.
You are immune to unholy pain and torment.
Your maximum health is greatly increased.
Your equipment is partially melded.
A weak demonic guardian rushes to your aid.
You regenerate a little health from kills.


Message History

You kill the giant cockroach!
You cannot move.
It was a potion of curing.
You feel better.
It was a potion of magic.
Magic courses through your body.
It was a potion of resistance.
You feel protected.
You cannot move.
It was a potion of degeneration.
There was something very wrong with that liquid.
You feel weakened.
You feel dopey.
You feel clumsy. The gnoll hits you but does no damage.
It was a potion of haste.
You feel yourself speed up. The gnoll hits you but does no damage.
You cannot move.
You cannot move.
The gnoll hits you from afar with a +0 halberd.
The gnoll hits you from afar with a +0 halberd.
The gnoll hits you from afar with a +0 halberd.
Okay, then.
The gnoll hits you but does no damage.
The gnoll hits you from afar with a +0 halberd.
The gnoll hits you but does no damage. The gnoll completely misses you.
Okay, then.
The gnoll completely misses you. The gnoll barely misses you.
The gnoll hits you but does no damage.
The gnoll hits you from afar with a +0 halberd!
* * * LOW HITPOINT WARNING * * *
The gnoll barely misses you. The gnoll hits you but does no damage.
The gnoll hits you from afar with a +0 halberd!
* * * LOW HITPOINT WARNING * * *
A demonic guardian appears!
The gnoll hits you but does no damage. The gnoll hits you but does no damage.
The gnoll completely misses you. The gnoll barely misses you.
The gnoll hits you from afar with a +0 halberd.
You die...

.# ###.........# .##
##.....g.....#
..###g§#......?[.#
#.Bg..##.).......#
..######.........###
...gg.B##....B.....#
###..#S.#......#g#..[..#
####.##...######.#######
...........# #♣#
######.....# #.5#
#.....# )...#
#...........#
#######.....# #.....#
#.....# #.....# ...


You could see a gnoll (ally target) and a friendly iron imp (summoned).

Vanquished Creatures
  A worm (D:2)
  A dart slug (D:2)
  A ball python (D:1)
  4 bats
  3 endoplasms (D:1)
  A giant cockroach (D:3)
  3 goblins
  A hobgoblin (D:1)
  4 kobolds
  3 quokkas (D:1)
  5 frilled lizards
  4 rats
31 creatures vanquished.

Vanquished Creatures (collateral kills)
  A gnoll (D:3)
  A worm (D:2)
2 creatures vanquished.

Grand Total: 33 creatures vanquished

Notes
Turn   | Place    | Note
-------+----------+-------------------------------------------
     0 | D:1      | Revguard the Demonspawn Gladiator began the quest for the
                  | Orb.
     0 | D:1      | Reached XP level 1. HP: 16/16 MP: 1/1
   150 | D:1      | Gained mutation: You regenerate a little health from kills.
                  | [demonic ancestry]
   150 | D:1      | Reached XP level 2. HP: 19/22 MP: 2/2
   307 | D:1      | You fall into a shaft and drop 1 floor!
   456 | D:1      | Reached skill level 1 in Invocations
   861 | D:2      | Gained mutation: A weak demonic guardian rushes to your
                  | aid. [demonic ancestry]
   861 | D:2      | Reached XP level 3. HP: 27/27 MP: 3/3
   903 | D:2      | Reached skill level 1 in Armour
  1345 | D:3      | HP: 1/40 [gnoll/+0 halberd (10)]
  1352 | D:3      | Slain by a gnoll

Illustrated notes

Levels and vault maps discovered:
D:1:      dpeg_arrival_three_same_balls, layout_rooms, serial_curves,
          eino_curves_01, eino_curves_02
D:2:      layout_basic
D:3:      layout_rooms, uniq_grinder

Skill      XL: |  1  2  3 |
---------------+----------+-----
Invocations    | 1 |  1.3
Dodging        | 3 |  3.1
Axes           | 3 |  3.0
Armour         | 1 |  1.1
Fighting       | |  2.3
Throwing       | |  1.7
Evocations     | |  0.9

Action                     || total
---------------------------++-------
  Melee: War axe           ||    84
    Use: Potion            ||     6
   Stab: Sleeping          ||     1
 Armour: Leather armour    ||    29
         Skin              ||     8
  Dodge: Dodged            ||    76
